 Dungeon Crawl Stone Soup version 0.19-a0-1326-gee3fcf6 (webtiles) character file.

21744 TheGoonsmith the Earth Mage (level 12, -1/72 HPs)
             Began as a Gargoyle Earth Elementalist on Aug 31, 2016.
             Was a High Priest of Vehumet.
             Slain by a jumping spider (5 damage)
             ... on level 4 of the Lair of Beasts.
             The game lasted 00:39:56 (14853 turns).

TheGoonsmith the Earth Mage (GrEE)                 Turns: 14853, Time: 00:39:56

Health: -1/72      AC: 16    Str: 12    XL:     12   Next: 93%
Magic:  13/22      EV: 14    Int: 24    God:    Vehumet [*****.]
Gold:   706        SH:  0    Dex: 10    Spells: 6 memorised, 1 level left

rFire  . . .     SeeInvis .     b - 87 stones
rCold  . . .     Gourm    .     x - +2 robe {Archmagi}
rNeg   + + .     Faith    .     (no shield)
rPois  ∞         Spirit   .     v - +1 helmet {Int+3}
rElec  +         Dismiss  .     I - +0 cloak
rCorr  .         Reflect  .     B - +0 pair of gloves
MR     .....     Harm     .     (no boots)
Stlth  +++.......               (no amulet)
                                L - ring of positive energy
                                y - ring of stealth

@: no status effects
A: negative energy resistance 1, electricity resistance, unbreathing,
petrification resistance, rot immunity, AC +8
a: Renounce Religion


You were on level 4 of the Lair of Beasts.
You worshipped Vehumet.
Vehumet was extremely pleased with you.
You were hungry.

You visited 2 branches of the dungeon, and saw 13 of its levels.
You also visited: Labyrinth and Volcano.

You collected 706 gold pieces.

Inventory:

Hand Weapons
 a - a +1 eveningstar of venom
 Q - a +0 executioner's axe of flaming
Missiles
 b - 87 stones (in hand)
Armour
 n - the cursed +0 plate armour "Dacw" {MR++, unknown}
   (You took it off a minotaur in a labyrinth)

   It affects your resistance to hostile enchantments.
   It has a curse placed upon it.
 v - a +1 helmet of intelligence (worn)
 x - a +2 robe of the Archmagi (worn)
 B - a +0 pair of gloves (worn)
 I - a +0 cloak (worn)
 T - the cursed +0 helmet of the Blizzard {Int+3, unknown}
   (You found it in a labyrinth)

   It affects your intelligence (+3).
   It has a curse placed upon it.
Magical Staves
 C - an uncursed staff of energy
 N - an uncursed staff of conjuration
Jewellery
 y - a ring of stealth (left hand)
 L - a ring of positive energy (right hand)
Wands
 h - a wand of confusion (34/48)
 l - a wand of paralysis (10/24)
 A - a wand of disintegration (15/24)
 E - a wand of paralysis (23/24)
 F - a wand of polymorph (13/24)
 G - a wand of acid (10/15)
 H - a wand of acid (2/15)
 K - a wand of iceblast (5/15)
 S - a wand of iceblast (6/15)
Scrolls
 e - a scroll of amnesia
 k - 8 scrolls of remove curse
 m - 3 scrolls of teleportation
 o - 3 scrolls of magic mapping
 p - a scroll of enchant weapon
 r - 4 scrolls of identify
 w - a scroll of blinking
 J - 4 scrolls of fear
 M - 2 scrolls of recharging
Potions
 c - 3 potions of invisibility
 f - 3 potions of agility
 i - a potion of ambrosia
 s - 2 potions of curing {unknown}
 u - 2 potions of heal wounds
 z - a potion of cancellation {unknown}
 D - 4 potions of brilliance
 P - 3 potions of berserk rage {unknown}
 R - 2 potions of resistance {unknown}
Books
 q - a book of Minor Magic

   Spells                             Type                      Level
   a - Magic Dart                     Conjuration                  1
   b - Blink                          Translocation                2
   c - Call Imp                       Summoning                    2
   d - Repel Missiles                 Charms/Air                   2
   e - Slow                           Hexes                        2
   f - Conjure Flame                  Conjuration/Fire             3
   g - Mephitic Cloud                 Conjuration/Poison/Air       3
 O - a Young Poisoner's Handbook

   Spells                             Type                      Level
   a - Sting                          Conjuration/Poison           1
   b - Mephitic Cloud                 Conjuration/Poison/Air       3
   c - Olgreb's Toxic Radiance        Poison                       4
   d - Alistair's Intoxication        Transmutation/Poison         5
   e - Venom Bolt                     Conjuration/Poison           5
Comestibles
 d - 9 bread rations
 g - 4 meat rations
 j - 2 fruits
 t - 8 beef jerkies


   Skills:
 - Level 7.0 Fighting
 - Level 5.1 Dodging
 - Level 2.1 Stealth
 - Level 7.0 Spellcasting
 - Level 9.2 Conjurations
   Level 0.7 Transmutations
 - Level 5.2 Fire Magic
 + Level 16.9 Earth Magic


You had one spell level left.
You knew the following spells:

 Your Spells              Type           Power        Failure   Level  Hunger
a - Sandblast             Erth           ######       0%          1    None
b - Stone Arrow           Conj/Erth      ######       1%          3    None
c - Airstrike             Air            ##........   32%         4    ###....
f - Bolt of Magma         Conj/Fire/Erth ######....   1%          5    #####..
x - Iron Shot             Conj/Erth      #######...   2%          6    ######.
z - Lee's Rapid Deconstr  Erth           #######...   1%          5    #####..


Dungeon Overview and Level Annotations

Branches:
Dungeon (9/15)             Temple (0/1) D:5            Lair (4/6) D:9
  Swamp (0/4) Lair:4       Spider (0/4) Lair:4          Orc (0/2) D:9

Altars:
Ashenzari
Cheibriados
Dithmenos
Fedhas
Hepliaklqana
Qazlal
Sif Muna
Trog
Uskayaw
Vehumet
Xom
Yredelemnul
Zin

Shops:
D:5 :

Annotations:
Lair:4 Snorg


Innate Abilities, Weirdness & Mutations

You are resistant to torment.
Your stone body is resilient. (AC +8)
You are immune to poison.
You resist negative energy. (rN+)
You are resistant to electric shocks. (rElec)
You can survive without breathing.
You are immune to petrification.
You are immune to rotting.


Message History

The jumping spider closely misses you.
The redback bites you but does no damage.
The jumping spider barely misses you. The jumping spider bites you.
* * * LOW HITPOINT WARNING * * *
The jumping spider barely misses you. x2; The redback bites you.
* * * LOW HITPOINT WARNING * * *
Casting: Sandblast
Confirm with . or Enter, or press ? or * to list all spells.
Aiming: Sandblast
Press: ? - help, Shift-Dir - straight line, f - jumping spider
Aim: a jumping spider You feel a surge of power!
The rocky blast hits the jumping spider.
The jumping spider is heavily wounded.
The jumping spider pounces on you.
* * * LOW HITPOINT WARNING * * *
The jumping spider bites you.
* * * LOW HITPOINT WARNING * * *
The jumping spider barely misses you. The jumping spider bites you.
You die...

*##...#.....##..***
******#...............*,*** *
*,,,**...............,,,,,****
****,,,,,..............*,,,,,,,,,
,,,,,,,,,............###**,,,,>,,
***,,,**,#.....<.....<.#**,,,,,,,
* ****,,,,............P#,*,,,,,,,
*,,,**,,#.s.......##,,,,,,,,
**,,**,*#.†@s.....P#,,,,,,,,
*,,,*,##.^s##.....##*,,,,,,,
******,*###...##.......#*,,,,,,,
*,,,,,,*#.^^^.#..##...###****,**
**,,,,,,##^...####*##....# ***
,,,,,,,##.^^..# ##>.##
,,,,,,,#...^^#* #..#
,,,,,,,#.>.^## #.)##
*,,,,,,#...#* #...#


You could see 2 jumping spiders and a redback.

Vanquished Creatures
  A minotaur (Lab)
  A hydra (Lair:3)
  Urug (Lair:4)
  An oklob plant (D:9)
  Maurice (D:9)
  2 black mambas
  3 elephants
  A molten gargoyle (Volcano)
  Joseph (Lair:1)
  A torpor snail (Lair:3)
  2 gargoyles (Volcano)
  3 spiny frogs
  4 komodo dragons
  A two-headed ogre (D:8)
  A jumping spider (Lair:4)
  Sigmund (D:3)
  A redback (Lair:4)
  The ghost of TheGoonsmith the Cutter, an amateur VSEn (D:3)
  21 yaks
  A basilisk (Lair:3)
  2 wyverns
  A fire elemental (Volcano)
  7 hippogriffs
  Duvessa (D:5)
  9 water moccasins
  A black bear (D:9)
  8 porcupines
  10 orc warriors
  2 ice beasts
  5 phantoms
  2 sky beasts
  5 ogres
  3 wolves (Lair:4)
  4 centaurs
  5 crocodiles
  7 giant frogs
  Dowan (D:5)
  7 scorpions
  A wyvern skeleton (D:7)
  8 killer bees
  3 electric eels
  2 howler monkeys
  7 crimson imps
  A wasp zombie (D:5)
  14 jellies
  6 orc priests
  4 hounds
  A giant frog skeleton (D:6)
  Ijyb (D:2)
  5 iguanas
  7 orc wizards
  8 worker ants
  A hound skeleton (D:4)
  A howler monkey zombie (D:8)
  3 gnolls (D:2)
  A worker ant zombie (D:9)
  23 river rats
  13 adders
  2 shadow imps
  7 oozes
  An adder zombie (D:5)
  A dart slug (D:4)
  6 giant geckos
  25 orcs
  8 giant cockroaches
  7 goblins
  6 hobgoblins
  8 jackals
  6 quokkas
  21 bats
  A giant gecko skeleton (D:4)
  5 giant newts
  A jackal zombie (D:5)
  4 kobolds
  A quokka skeleton (D:4)
  7 rats
356 creatures vanquished.

Vanquished Creatures (others)
  13 fungi
  A plant (Lair:3)
14 creatures vanquished.

Grand Total: 370 creatures vanquished

Notes
Turn   | Place    | Note
-------+----------+-------------------------------------------
     0 | D:1      | TheGoonsmith the Gargoyle Earth Elementalist began the quest for the Orb.
     0 | D:1      | Reached XP level 1. HP: 10/10 MP: 3/3
   170 | D:1      | Reached skill level 4 in Earth Magic
   278 | D:1      | Reached XP level 2. HP: 15/15 MP: 3/5
   771 | D:1      | Reached skill level 5 in Earth Magic
   771 | D:1      | Reached XP level 3. HP: 19/19 MP: 4/6
   776 | D:1      | Learned a level 3 spell: Stone Arrow
  1261 | D:2      | Found a shimmering altar of Xom.
  1269 | D:2      | Found a shattered altar of Ashenzari.
  1272 | D:2      | Found a hazy altar of Hepliaklqana.
  1272 | D:2      | Found a radiant altar of Vehumet.
  1281 | D:2      | Became a worshipper of Vehumet
  1428 | D:2      | Reached XP level 4. HP: 24/24 MP: 2/7
  1437 | D:2      | Reached skill level 6 in Earth Magic
  2152 | D:3      | Reached XP level 5. HP: 28/28 MP: 4/9
  2226 | D:3      | Noticed Ijyb
  2267 | D:3      | Noticed Sigmund
  2406 | D:3      | Learned a level 5 spell: Lee's Rapid Deconstruction
  2424 | D:3      | Found a shadowy altar of Dithmenos.
  2458 | D:3      | Reached skill level 1 in Fighting
  2463 | D:3      | Reached XP level 6. HP: 29/36 MP: 1/11
  2516 | D:3      | Noticed TheGoonsmith's ghost (amateur VSEn)
  2561 | D:3      | Reached * piety under Vehumet
  2561 | D:3      | Offered knowledge of Freeze by Vehumet.
  2610 | D:2      | Killed Ijyb
  2736 | D:3      | Killed Sigmund
  2736 | D:3      | Reached skill level 7 in Earth Magic
  2770 | D:3      | Killed TheGoonsmith's ghost
  2770 | D:3      | Reached skill level 8 in Earth Magic
  2770 | D:3      | Reached XP level 7. HP: 41/41 MP: 8/12
  3073 | D:3      | Reached skill level 9 in Earth Magic
  3370 | D:4      | Reached skill level 1 in Conjurations
  3553 | D:4      | Found a bloodstained altar of Trog.
  3605 | D:4      | Reached XP level 8. HP: 46/46 MP: 1/13
  3823 | D:4      | Found a glowing silver altar of Zin.
  3936 | D:5      | Entered Level 5 of the Dungeon
  4241 | D:5      | Found a staircase to the Ecumenical Temple.
  4245 | D:5      | Noticed Duvessa
  4247 | D:5      | Noticed Dowan
  4253 | D:5      | Killed Duvessa
  4255 | D:5      | Killed Dowan
  4255 | D:5      | Reached skill level 5 in Conjurations
  4653 | D:5      | Reached ** piety under Vehumet
  4658 | D:5      | Offered knowledge of Sting by Vehumet.
  5159 | D:5      | Found Bunwesee's Book Emporium.
  5627 | D:6      | Found a stormy altar of Qazlal.
  5818 | D:6      | Found a hide-covered altar of Uskayaw.
  5896 | D:6      | Reached XP level 9. HP: 37/50 MP: 7/14
  5991 | D:6      | Reached skill level 5 in Dodging
  6444 | D:7      | Learned a level 5 spell: Bolt of Magma
  6444 | D:7      | Found a blossoming altar of Fedhas.
  6601 | D:7      | Reached skill level 5 in Spellcasting
  6908 | D:7      | Offered knowledge of Throw Flame by Vehumet.
  6908 | D:7      | Reached skill level 10 in Earth Magic
  7341 | D:7      | You fall through a shaft!
  7620 | D:8      | Reached *** piety under Vehumet
  7816 | D:8      | Reached skill level 11 in Earth Magic
  7883 | D:8      | Noticed a two-headed ogre
  7886 | D:8      | Killed a two-headed ogre
  7886 | D:8      | Reached XP level 10. HP: 56/56 MP: 4/17
  8002 | D:8      | Reached skill level 12 in Earth Magic
  8582 | D:9      | Offered knowledge of Throw Icicle by Vehumet.
  8632 | D:9      | Found a snail-covered altar of Cheibriados.
  8635 | D:9      | Found a basalt altar of Yredelemnul.
  8681 | D:9      | Reached skill level 13 in Earth Magic
  8688 | D:9      | Found a deep blue altar of Sif Muna.
  8738 | D:9      | Noticed Maurice
  8881 | D:9      | Killed Maurice
  9160 | D:9      | Reached skill level 14 in Earth Magic
  9203 | D:9      | Reached skill level 1 in Fire Magic
  9438 | D:9      | Reached **** piety under Vehumet
  9501 | D:9      | Noticed an oklob plant
  9527 | D:9      | Offered knowledge of Yara's Violent Unravelling by Vehumet.
  9614 | D:9      | Killed an oklob plant
  9614 | D:9      | Reached skill level 5 in Fire Magic
  9614 | D:9      | Reached XP level 11. HP: 32/60 MP: 2/18
  9722 | D:9      | Found a staircase to the Lair.
 10112 | D:9      | Found a staircase to the Orcish Mines.
 10194 | Lair:1   | Entered Level 1 of the Lair of Beasts
 10206 | Lair:1   | Learned a level 6 spell: Iron Shot
 10376 | Lair:1   | Noticed Joseph
 10382 | Lair:1   | Killed Joseph
 11418 | Lair:2   | Found a dark tunnel.
 11424 | Volcano  | Entered a volcano
 11962 | Lair:2   | Reached ***** piety under Vehumet
 11986 | Lair:1   | Reached skill level 5 in Fighting
 12117 | Lair:2   | Reached XP level 12. HP: 68/68 MP: 22/22
 12159 | Lair:2   | Found a stormy altar of Qazlal.
 12278 | Lair:2   | Offered knowledge of Airstrike by Vehumet.
 12284 | Lair:2   | Learned a level 4 spell: Airstrike
 13151 | Lair:3   | Noticed a six-headed hydra
 13375 | Lair:3   | Reached skill level 15 in Earth Magic
 13401 | Lair:3   | Killed a six-headed hydra
 14126 | Lair:3   | Reached skill level 16 in Earth Magic
 14263 | Lair:4   | Noticed Urug
 14267 | Lair:4   | Killed Urug
 14349 | Lair:4   | Found a labyrinth entrance.
 14359 | Lab      | Entered a labyrinth
 14487 | Lab      | Noticed a minotaur
 14491 | Lab      | Killed a minotaur
 14497 | Lab      | Got a translucent plate armour
 14506 | Lab      | Got a heavily runed helmet
 14534 | Lair:4   | Found a hole to the Spider Nest.
 14535 | Lair:4   | Noticed Snorg
 14793 | Lair:4   | Found a staircase to the Swamp.
 14846 | Lair:4   | HP: 3/72 [redback (11)]
 14853 | Lair:4   | Slain by a jumping spider

Vault maps used:
D:1:      roderic_octagonal_star, minmay_misc_feat_nine_boxes, st_stairs_5
D:2:      overflow_temple_1_default, grunt_temple_overflow_open
D:3:      grunt_dithmenos_smoke, lightli_corner_chamber, uniq_iyjb, uniq_sigmund
D:4:      overflow_temple_1_default, lemuel_crystal_altar, minmay_misc_feat_x,
          minmay_splitting_lines, kennysheep_generic_room_5
D:5:      old_forge, first_bread, serial_shops, nicolae_shop_trees, uniq_duvessa
D:6:      nicolae_qazlal_general_emergency, basic_altar
D:7:      fedhas_altar_2, grunt_ogre_cave
D:8:      minmay_distorted_concentric_squares
D:9:      lemuel_slime, nicolae_overflow_hidden_temple, lair_0_dummy,
          erik_orc_2, uniq_maurice
Lair:1:   st_stairs_7, lemuel_fruit_fields, uniq_joseph
Lair:2:   basic_altar, enter_volcano_4, nicolae_quartered_pool_medium,
          grunt_megastairs_3, infiniplex_staircase_pool
Lair:3:   st_stairs_7, lemuel_fruit_fields
Lair:4:   swamp_mist, spider_nest_entry_funnel_web, lab_entry_generic,
          grunt_forest_large_clearings, uniq_snorg, uniq_urug
Lab:      labyrinth_spiral, nicolae_lab_lava, labyrinth_glass_1,
          nicolae_lab_grate
Volcano:  volcano_overflow

Skill      XL: |  1  2  3  4  5  6  7  8  9 10 11 12 |
---------------+-------------------------------------+-----
Earth Magic    | 4 5 6 8 9 11 14 16 | 16.9
Spellcasting   | 3 5 7 |  7.0
Fighting       | 2 3 5 7 |  7.0
Conjurations   | 3 5 9 |  9.2
Dodging        | 4 5 |  5.1
Fire Magic     | 5 |  5.2
Stealth        | |  2.1
Transmutations | |  0.7

Action                   |  1- 3 |  4- 6 |  7- 9 | 10-12 || total
-------------------------+-------+-------+-------+-------++-------
Melee: Unarmed           |    10 |       |       |       ||    10
       Club              |     8 |     1 |       |       ||     9
       Dagger            |       |       |    72 |       ||    72
       Eveningstar       |       |       |       |     2 ||     2
 Cast: Sandblast         |    66 |    75 |   253 |   303 ||   697
       Stone Arrow       |       |       |    31 |    71 ||   102
       Lee's Rapid Decon |       |       |     4 |    18 ||    22
       Bolt of Magma     |       |       |       |     6 ||     6
       Iron Shot         |       |       |       |    12 ||    12
Evoke: Staff of energy   |       |       |     1 |       ||     1
  Use: Scroll            |       |     1 |    14 |     8 ||    23
       Potion            |       |       |       |     3 ||     3
 Stab: Sleeping          |       |       |     2 |       ||     2
  Eat: Chunk             |     3 |     4 |     8 |    17 ||    32
       Bread ration      |       |       |     2 |     1 ||     3
       Fruit             |       |       |     1 |    11 ||    12
       Pizza             |       |       |       |     1 ||     1
Armor: Robe              |    23 |    24 |    66 |    91 ||   204
Dodge: Dodged            |    36 |    35 |   154 |   140 ||   365
